 Dungeon Crawl Stone Soup version 0.24.0-2-g5b39cebb1c (webtiles) character file.

Game seed: 3560841517589060250, levelgen mode: deterministic

106 mopl the Firebug (level 4, 0/27 HPs)
             Began as an Octopode Fire Elementalist on Oct 30, 2019.
             Slain by an adder (2 damage)
             ... on level 3 of the Dungeon.
             The game lasted 00:03:02 (1444 turns).

mopl the Firebug (Octopode Fire Elementalist)       Turns: 1444, Time: 00:03:03

Health: 0/27       AC:  1    Str:  7    XL:     4   Next: 84%
Magic:  6/8        EV: 13    Int: 18    God:
Gold:   110        SH:  0    Dex: 12    Spells: 1/9 levels left

rFire    . . .     SeeInvis .   a - +0 short sword
rCold    . . .     Gourm    .   (no shield)
rNeg     . . .     Faith    .   (helmet restricted)
rPois    .         Spirit   .   (no amulet)
rElec    .         Reflect  .   (no ring)
rCorr    .         Harm     .   (no ring)
MR       .....                  (no ring)
Stlth    +++.......             (no ring)
HPRegen  0.09/turn              (no ring)
MPRegen  0.11/turn              (no ring)
                                (no ring)
                                (no ring)

@: lethally poisoned (0 -> -5)
A: almost no armour, stealthy swim, amphibious, 8 rings, constrict 8, camouflage
1, gelatinous body 1
a: no special abilities


You were on level 3 of the Dungeon.
You were not hungry.

You visited 1 branch of the dungeon, and saw 3 of its levels.

You collected 110 gold pieces.

Inventory:

Hand Weapons
 a - a +0 short sword (weapon)
Scrolls
 b - 2 scrolls of remove curse
 f - 2 scrolls of identify {unknown}
 g - a scroll of fear {unknown}
 h - a scroll of immolation {unknown}
 k - a scroll of blinking {unknown}
 l - a scroll of fog {unknown}
Potions
 e - 4 potions of brilliance {unknown}
 i - a potion of ambrosia {unknown}
 j - 2 potions of agility
 m - a potion of magic {unknown}
Comestibles
 c - 2 rations
 d - 5 chunks of flesh


   Skills:
 - Level 2.0 Dodging
 - Level 2.6 Stealth
 + Level 3.0 Spellcasting
 + Level 2.6 Conjurations
 + Level 3.9 Fire Magic


You had one spell level left.
You knew the following spells:

 Your Spells              Type           Power        Failure   Level  Hunger
a - Flame Tongue          Conj/Fire      ##...        4%          1    None
c - Conjure Flame         Conj/Fire      ##......     13%         3    ###....
d - Sticky Flame          Conj/Fire      ##......     38%         4    ####...

Your spell library contained the following spells:

 Spells                   Type           Power        Failure   Level  Hunger
 Throw Flame              Conj/Fire      ##....       6%          2    ##.....
 Inner Flame              Hex/Fire       #.......     22%         3    ###....
 Fireball                 Conj/Fire      ##........   75%         5    ######.


Dungeon Overview and Level Annotations

Branches:
Dungeon (3/15)

Altars:


Innate Abilities, Weirdness & Mutations

You cannot wear most types of armour.
You are very stealthy in the water. (Stealth+)
You are amphibious.
You can wear up to eight rings at the same time.
You can use your tentacles to constrict eight enemies at once.
Your skin changes colour to match your surroundings (Stealth+).
Your rubbery body absorbs attacks. (AC +1, EV +1)


Message History

Aim: a giant cockroach The flame tongue hits the giant cockroach.
The giant cockroach is almost dead.
You constrict the adder. The adder bites you. The giant cockroach bites you.
Unknown command.
Casting: Flame Tongue (safe; 4% risk of failure)
Confirm with . or Enter, or press ? or * to list all spells.
Aiming: Flame Tongue (safe; 4% risk of failure)
Press: ? - help, Shift-Dir - straight line, f - adder, p - giant cockroach
Aim: an adder (moderately wounded, constricted by you)
The flame tongue hits the adder.
The adder is heavily wounded.
You constrict the adder. The adder bites you.
* * * LOW HITPOINT WARNING * * *
You are lethally poisoned!
The adder poisons you! The giant cockroach closely misses you.
The rat bites you.
* * * LOW HITPOINT WARNING * * *
The adder bites you.
You die...

#################
########....†..........#
.g).......########.###.#
########.## ###.### #.#
#.....# #.# #@###.#
###.# #Ssr...# ### #...#
#......#
...###.########......#
.##............#.....#
<##..#.#######.##....#
.##.##.# #. #.#.#
....##†# #. .#.#
#.#.##.#


You could see an adder, a giant cockroach and a rat.

Vanquished Creatures
  Terence (D:2)
  2 adders (D:2)
  A worm (D:2)
  3 dart slugs (D:1)
  2 leopard geckos
  7 bats
  6 giant cockroaches
  8 goblins
  6 hobgoblins
  A jackal (D:2)
  3 frilled lizards
  3 kobolds
  8 rats
51 creatures vanquished.

Notes
Turn   | Place    | Note
-------+----------+-------------------------------------------
     0 | D:1      | mopl the Octopode Fire Elementalist began the quest for the
                  | Orb.
     0 | D:1      | Reached XP level 1. HP: 11/11 MP: 3/3
    42 | D:1      | Reached XP level 2. HP: 12/17 MP: 1/5
   354 | D:1      | Reached XP level 3. HP: 9/21 MP: 4/6
   359 | D:1      | Learned a level 3 spell: Conjure Flame
   908 | D:2      | Noticed Terence
  1009 | D:2      | Killed Terence
  1009 | D:2      | Reached XP level 4. HP: 20/27 MP: 3/8
  1389 | D:2      | Learned a level 4 spell: Sticky Flame
  1444 | D:3      | Slain by an adder

Levels and vault maps discovered:
D:1:      elethiomel_arrival_quiet, layout_loops_ring, hangedman_decor_growths
D:2:      layout_rooms, minmay_bisected, uniq_terence
D:3:      layout_loops_ring, first_ration, minmay_fractal_squares_diagonal_5,
          uniq_robin

Skill      XL: |  1  2  3  4 |
---------------+-------------+-----
Conjurations   | 2 |  2.6
Spellcasting   | 3 |  3.0
Dodging        | |  2.0
Stealth        | |  2.6
Fire Magic     | |  3.9

Action                   |  1- 3 |  4- 6 || total
-------------------------+-------+-------++-------
Melee: Short sword       |    46 |    22 ||    68
       Constrict         |    14 |     9 ||    23
       Unarmed           |     3 |       ||     3
       Tentacles         |     6 |     3 ||     9
 Cast: Flame Tongue      |    24 |    15 ||    39
  Use: Scroll            |     1 |       ||     1
 Stab: Sleeping          |     9 |     3 ||    12
  Eat: Chunk             |       |     2 ||     2
Armor: Skin              |     4 |     1 ||     5
Dodge: Dodged            |    44 |    21 ||    65
